 Dungeon Crawl Stone Soup version 0.31-a0-455-g1a7b003ef0 (webtiles) character file.

Game seed: 7760242205032828212

482 LordLoth the Covered (level 7, 0/54 HPs)
             Began as a Human Fighter on Aug 4, 2023.
             Was an Initiate of the Shining One.
             Slain by an iguana (4 damage)
             ... on level 4 of the Dungeon.
             The game lasted 00:35:21 (4101 turns).

LordLoth the Covered (Human Fighter)                Turns: 4101, Time: 00:35:22

Health: 0/54       AC:  8    Str: 18    XL:     7   Next: 34%
Magic:  7/7        EV:  8    Int:  8    God:    the Shining One [......]
Gold:   262        SH:  9    Dex: 13    Spells: 6/6 levels left

rFire   x . .        x - +2 short sword (speed)
rCold   + . .        A - +0 kite shield
rNeg    . . .        b - +0 scale mail
rPois   .            h - +0 helmet
rElec   .            (no cloak)
rCorr   .            (no gloves)
SInv    .            (no boots)
Will    .....        (no amulet) Stlth
                     n - ring of ice
HPRegen 0.29/turn    (no ring)
MPRegen 0.10/turn

%: no passive effects
@: glowing
A: no striking features
a: Renounce Religion


You were on level 4 of the Dungeon.
You worshipped the Shining One.
The Shining One was noncommittal.
You visited 2 branches of the dungeon, and saw 5 of its levels.

You collected 262 gold pieces.

Inventory:

Hand Weapons
 a - a +0 long sword
 e - a +0 dagger
 g - a +0 hand axe
 p - a +0 spear
 x - a +2 short sword of speed (weapon)
Missiles
 l - 24 stones
 C - 3 boomerangs
Armour
 b - a +0 scale mail (worn)
 c - a +0 buckler
 h - a +0 helmet (worn)
 k - a +0 leather armour
 y - a +0 scale mail
 A - a +0 kite shield (worn)
Jewellery
 n - a ring of ice (left hand)
 s - an amulet of reflection
Scrolls
 f - a scroll of teleportation {unknown}
 i - a scroll of immolation {unknown}
 j - 2 scrolls of butterflies {unknown}
 m - a scroll of noise {unknown}
 o - 3 scrolls of enchant armour {unknown}
 t - a scroll of silence {unknown}
 v - 2 scrolls of identify {unknown}
 B - a scroll of brand weapon {unknown}
 D - a scroll of torment {unknown}
Potions
 d - a potion of might
 q - a potion of curing {unknown}
 r - a potion of degeneration {unknown}
 u - 2 potions of attraction {unknown}
 w - a potion of enlightenment {unknown}
 z - 2 potions of brilliance {unknown}


   Skills:
 + Level 4.3 Fighting
 + Level 2.0(3.1) Short Blades
 + Level 3.7(4.0) Long Blades
 + Level 4.4 Armour
 + Level 1.4 Dodging
 + Level 0.3 Stealth
 + Level 4.4 Shields


You had 6 spell levels left.
You didn't know any spells.
Your spell library contained the following spells:

 Spells                   Type           Power      Damage    Failure   Level
 Necrotise                Necr           0%         1d4       98%         1
 Sting                    Tmut/Pois      0%         1d3       98%         1
 Blink                    Tloc           0%         N/A       99%         2
 Lesser Beckoning         Tloc           0%         N/A       99%         2
 Momentum Strike          Conj/Tloc      0%         3d8       99%         2
 Poisonous Vapours        Pois/Air       0%         N/A       99%         2
 Summon Guardian Golem    Hex/Summ       0%         N/A       100%        3
 Tukima's Dance           Hex            0%         N/A       100%        3
 Vampiric Draining        Necr           0%         2d6       100%        3
 Olgreb's Toxic Radiance  Pois           0%         N/A       100%        4
 Passage of Golubria      Tloc           0%         N/A       100%        4
 Agony                    Necr           0%         N/A       100%        5
 Yara's Violent Unravell  Hex/Tmut       0%         3d3       100%        5
 Orb of Destruction       Conj           0%         9d5       100%        7
 Spellforged Servitor     Conj/Summ      0%         N/A       100%        7


Dungeon Overview and Level Annotations

Branches:
Dungeon (4/15)             Temple (1/1) D:4

Altars:
Ashenzari
Cheibriados
Elyvilon
Gozag
Hepliaklqana
Kikubaaqudgha
Makhleb
Nemelex Xobeh
Okawaru
Sif Muna
Trog
Uskayaw
Xom
Yredelemnul
Zin
The Shining One
Lugonu

Shops:
D:4 (


Message History

You hit jasper's ghost.
Jasper's ghost is almost destroyed.
You block jasper's ghost's attack.
You hit jasper's ghost.
You destroy jasper's ghost!
The Shining One accepts your kill.
Your Fighting skill increases to level 4!
Your base Short Blades skill increases to level 2!
Your Armour skill increases to level 4!
Your Shields skill increases to level 4!
You have reached level 7!
Unknown command.
An iguana comes into view.
The iguana hisses angrily.
The iguana barely misses you. The iguana bites you!
* * * LOW HITPOINT WARNING * * *
The iguana barely misses you. You block the iguana's attack.
The iguana closely misses you. You block the iguana's attack.
The iguana closely misses you.
The iguana bites you but does no damage.
You block the iguana's attack. The iguana bites you!
* * * LOW HITPOINT WARNING * * *
The iguana barely misses you. The iguana completely misses you.
The iguana bites you.
* * * LOW HITPOINT WARNING * * *
You block the iguana's attack. The iguana barely misses you.
The iguana barely misses you. You block the iguana's attack.
The iguana bites you.
* * * LOW HITPOINT WARNING * * *
You block the iguana's attack.
The iguana bites you but does no damage.
You hit the iguana but do no damage. The iguana bites you.
You die...

..##. .....####
.......!.## ..###.....##
###...##⌠##.....#
.###....##...##....#
.......##..?..##...# .
.....#⌠..♣...'@.#
#..##..##..!..##l.######
###
#..##...##...##.........
..#
...##....##⌠##...#######
#.#
..###.....###.......#
#.#
...##..#.........##.#
#.#
.......##.....#####.#
##.##### #..##..#####..#
##.## #....... ...##..#
##..###...#####..#####


You could see an iguana.

Vanquished Creatures
  The ghost of jasper the Shooter, a novice OpHu (D:4)
  A scorpion (D:3)
  An iguana (D:4)
  4 adders
  4 worms
  3 dart slugs
  4 orcs (D:3)
  10 endoplasms
  7 giant cockroaches
  4 goblins
  6 hobgoblins
  9 jackals
  5 kobolds
  3 quokkas
  8 ball pythons
  6 bats
  2 frilled lizards
  3 rats
81 creatures vanquished.

Notes
Turn   | Place    | Note
-------+----------+-------------------------------------------
     0 | D:1      | LordLoth the Human Fighter began the quest for the Orb.
     0 | D:1      | Reached XP level 1. HP: 18/18 MP: 1/1
    41 | D:1      | Reached XP level 2. HP: 8/24 MP: 2/2
   303 | D:1      | Reached XP level 3. HP: 4/29 MP: 3/3
   439 | D:1      | Found a faded altar of an unknown god.
   447 | D:1      | Prayed at the altar of an unknown god.
   447 | D:1      | Became a worshipper of Lugonu the Unformed
   447 | D:1      | Reached * piety under Lugonu
  1386 | D:2      | Reached XP level 4. HP: 28/35 MP: 4/4
  2021 | D:2      | Reached ** piety under Lugonu
  2137 | D:3      | Noticed a scorpion
  2156 | D:3      | Killed a scorpion
  2157 | D:3      | Reached XP level 5. HP: 20/42 MP: 5/5
  2787 | D:3      | Found a glowing drain.
  2989 | D:4      | Reached skill level 1 in Short Blades
  3255 | D:4      | Found Jinupezxo's Weapon Shop.
  3520 | D:4      | Reached XP level 6. HP: 48/48 MP: 6/6
  3624 | D:4      | Found a staircase to the Ecumenical Temple.
  3658 | D:4      | Reached skill level 1 in Dodging
  3720 | Temple   | Entered the Ecumenical Temple
  3878 | Temple   | Fell from the grace of Lugonu
  3878 | Temple   | Became a worshipper of the Shining One
  3995 | D:4      | Noticed jasper's ghost (novice OpHu)
  3998 | D:4      | Found a runed translucent door.
  4063 | D:4      | Killed jasper's ghost
  4064 | D:4      | Reached XP level 7. HP: 11/54 MP: 7/7
  4101 | D:4      | Slain by an iguana

Illustrated notes

Levels and vault maps discovered:
D:1:      onia_arrival_pentagram, layout_rooms, basic_ecumenical_altar
D:2:      minmay_wonky_spiral, layout_rooms, serial_forest,
          infiniplex_forest_lined_ring, infiniplex_forest_end_2,
          infiniplex_forest_lined_4_way, infiniplex_forest_lined_3,
          infiniplex_forest_zigzag_2
D:3:      layout_rooms, cheibrodos_sewer_entry_bend, nicolae_underground_beach
D:4:      layout_loops_ring, minmay_temple_entry_ruins,
          hellmonk_ghost_happy_afterlife, serial_shops,
          nicolae_shop_hallway_stairs
Temple:   minmay_temple_bridge_d

Skill      XL: |  1  2  3  4  5  6 |
---------------+-------------------+-----
Long Blades    | 3 |  3.7
Short Blades   | 1 2 |  2.0
Dodging        | 1 |  1.4
Fighting       | 4 |  4.3
Armour         | 4 |  4.4
Shields        | 4 |  4.4
Stealth        | |  0.3

Action                     |  1- 3 |  4- 6 |  7- 9 || total
---------------------------+-------+-------+-------++-------
  Melee: Long sword        |   102 |   292 |       ||   394
         Short sword       |       |   252 |     1 ||   253
 Armour: Scale mail        |    74 |    93 |     2 ||   169
  Dodge: Dodged            |    85 |    76 |     8 ||   169
  Block: Buckler           |    42 |    27 |       ||    69
         Kite shield       |       |    60 |     6 ||    66

Table legend: (Time is in decaauts)
 A = Elapsed time spent in this place.
 B = Non-inter-level travel time spent in this place.
 C = Inter-level travel time spent in this place.
 D = Time resting spent in this place.
 E = Time spent auto-exploring this place.
 F = Levels seen in this place.
 G = Mean time per level.
                   A        B        C        D        E       F      G
               +--------+--------+--------+--------+--------+-----+--------+
         Total |   4171 |   4158 |     13 |      0 |      0 |   5 |  834.2 |
       Dungeon |   3934 |   3921 |     13 |      0 |      0 |   4 |  983.5 |
        Temple |    236 |    236 |      0 |      0 |      0 |   1 |  236.0 |
               +--------+--------+--------+--------+--------+-----+--------+

Top non-repeatable levels by time:
     D:2: 1322 daAuts
     D:1: 928 daAuts
     D:4: 867 daAuts
     D:3: 816 daAuts
  Temple: 236 daAuts
